 Dungeon Crawl Stone Soup version 0.17-a0-1718-g72dbe4d (webtiles) character file.

139 PooFace the Ducker (level 5, -2/53 HPs)
             Began as a Troll Berserker on Aug 24, 2015.
             Was a Believer of Trog.
             Slain by an iguana (8 damage)
             ... on level 3 of the Dungeon.
             The game lasted 00:12:18 (1683 turns).

PooFace the Ducker (Troll Berserker)                Turns: 1683, Time: 00:12:19

Health: -2/53      AC:  5    Str: 25 (26) XL:     5   Next: 1%
Magic:  4/4        EV: 10    Int:  3      God:    Trog [**....]
Gold:   152        SH:  0    Dex:  9      Spells: 0 memorised, 4 levels left

rFire  . . .     SeeInvis .     a - +0 mace
rCold  . . .     Clarity  .     b - +0 animal skin
rNeg   + . .     SustAt   +     (no shield)
rPois  .         Gourm    +     (helmet restricted)
rElec  .         Spirit   .     (no cloak)
rCorr  .         Warding  +     (gloves unavailable)
rMut   .         Stasis   .     (boots unavailable)
MR     .....                    f - amulet of warding
Stlth  +.........               (no ring)
                                d - ring of sustain attributes

@: not resistant to hostile enchantments, very unstealthy
A: unfitting armour, claws 3, fast metabolism 3, gourmand, regeneration 2,
shaggy fur 1, tough skin 2
a: Burn Spellbooks, Berserk, Trog's Hand, Renounce Religion


You were on level 3 of the Dungeon.
You worshipped Trog.
Trog was pleased with you.
You were very full.

You visited 1 branch of the dungeon, and saw 3 of its levels.

You collected 152 gold pieces.

Inventory:

Hand weapons
 a - a +0 mace (weapon)
 j - a +0 short sword
Armour
 b - a +0 animal skin (worn)
Jewellery
 d - a ring of sustain attributes (left claw)
 f - an amulet of warding (around neck)
Scrolls
 e - a scroll of remove curse
 g - 4 scrolls of identify
 i - a scroll of random uselessness
Comestibles
 c - 3 bread rations
 h - 2 beef jerkies
 l - 4 chunks of flesh


   Skills:
 + Level 3.3 Fighting
 + Level 3.3 Maces & Flails
 + Level 3.5 Dodging
 + Level 0.3 Stealth


You had 4 spell levels left.
You didn't know any spells.

Dungeon Overview and Level Annotations

Branches:
Dungeon (3/15)

Altars:
Cheibriados
Fedhas


Innate Abilities, Weirdness & Mutations

You are too large for most types of armour.
You have claws for hands.
Your metabolism is lightning-fast.
You like to eat raw meat.
You heal very quickly.
You are covered in fur (AC +1).
You have very tough skin (AC +2).


Message History

Eat one of 4 chunks of flesh? (ye/n/q/i?)
Okay, then.
You closely miss the orc wizard.
The orc wizard is almost dead.
The orc wizard points at you and mumbles some strange words.
The puff of frost hits you!
* * * LOW HITPOINT WARNING * * *
You sock the orc wizard!
You kill the orc wizard!
Trog accepts your kill.
Trog appreciates your killing of a magic user.
You have reached level 5!
You hit the iguana but do no damage.
The iguana is moderately wounded.
The iguana bites you!
* * * LOW HITPOINT WARNING * * *
You hit the iguana.
The iguana is moderately wounded.
The iguana bites you!
You die...

##.
#..........# #
###...#### #
#...#
....###...#
#....)..#######
#..###.........
#. ##)#######
#l# #@# #.# #.#
#.# #.# #.# #.#
#.#


You could see an iguana.

Vanquished Creatures
  An orc wizard (D:3)
  A crimson imp (D:3)
  2 adders (D:3)
  A giant gecko (D:3)
  2 orcs (D:3)
  5 bats
  2 goblins
  6 hobgoblins
  15 jackals
  11 kobolds
  A giant newt (D:1)
  5 rats (D:1)
52 creatures vanquished.

Notes
Turn   | Place    | Note
--------------------------------------------------------------
     0 | D:1      | PooFace the Troll Berserker began the quest for the Orb.
     0 | D:1      | Reached XP level 1. HP: 22/22 MP: 0/0
   249 | D:1      | Reached XP level 2. HP: 25/29 MP: 1/1
   442 | D:1      | Acquired Trog's second power
   614 | D:1      | Reached skill level 3 in Fighting
   620 | D:1      | Reached XP level 3. HP: 37/37 MP: 2/2
   889 | D:2      | Found a snail-covered altar of Cheibriados.
  1002 | D:2      | Found a blossoming altar of Fedhas.
  1589 | D:3      | Reached XP level 4. HP: 45/45 MP: 3/3
  1680 | D:3      | Reached XP level 5. HP: 11/53 MP: 4/4
  1683 | D:3      | Slain by an iguana

Vault maps used:
D:1:      shiori_shiawase
D:2:      cheibriados_altar_1, fedhas_altar_1
D:3:      minitemple

Action                   |  1- 3 |  4- 6 || total
-------------------------+-------+-------++-------
Melee: Mace              |   152 |    49 ||   201
  Use: Scroll            |     4 |     1 ||     5
       Potion            |     1 |       ||     1
  Eat: Chunk             |    15 |     6 ||    21
